 Dungeon Crawl Stone Soup version 0.29.1-12-g30fa7ad0bf (webtiles) character file.

Game seed: 351515863227317108

9 OTABOTABOTAB the Caller (level 2, 17/17 HPs)
             Began as an Octopode Summoner on Jan 17, 2023.
             Quit the game on level 1 of the Dungeon.
             The game lasted 00:01:05 (665 turns).

OTABOTABOTAB the Caller (Octopode Summoner)          Turns: 665, Time: 00:01:06

Health: 17/17      AC:  1    Str:  7    XL:     2   Next: 16%
Magic:  4/5        EV: 13    Int: 17    God:
Gold:   0          SH:  0    Dex: 12    Spells: 2/5 levels left

rFire   . . .      SeeInvis .   f - +0 dagger (venom)
rCold   . . .      Faith    .   (no shield)
rNeg    . . .      Spirit   .   (helmet restricted)
rPois   .          Reflect  .   (no amulet)
rElec   .          Harm     .   (no ring)
rCorr   .          Rampage  .   (no ring)
Will    .....                   (no ring)
Stlth   +++.......              (no ring)
HPRegen 0.05/turn               (no ring)
MPRegen 0.09/turn               (no ring)
                                (no ring)
                                (no ring)

@: no status effects
A: almost no armour, amphibious, 8 rings, camouflage 1, gelatinous body 1,
(nimble swimmer 1), tentacles
a: no special abilities


You were on level 1 of the Dungeon.
You visited 1 branch of the dungeon, and saw 1 of its levels.

Inventory:

Hand Weapons
 b - a +0 dagger
   (You took it off a goblin on level 1 of the Dungeon)
 f - a +0 dagger of venom (weapon)
   (You took it off a kobold on level 1 of the Dungeon)
Missiles
 g - 4 javelins (quivered)
 s - 8 stones
Armour
 h - an orb of mayhem
   (You found it on level 1 of the Dungeon)
Scrolls
 a - a scroll of torment {unknown}
 c - a scroll of vulnerability {unknown}
 e - a scroll of immolation {unknown}
Potions
 d - 2 potions of heal wounds {unknown}
 M - a potion of magic


   Skills:
 - Level 2.0 Dodging
 - Level 2.6 Stealth
 + Level 2.3 Spellcasting
 + Level 4.2 Summonings


You had 2 spell levels left.
You knew the following spells:

 Your Spells              Type           Power      Damage    Failure   Level
a - Summon Small Mammal   Summ           64%        N/A       3%          1
c - Call Imp              Summ           16%        N/A       4%          2

Your spell library contained the following spells:

 Spells                   Type           Power      Damage    Failure   Level
 Freeze                   Ice            4%         1d3       19%         1
 Call Canine Familiar     Summ           16%        N/A       10%         3
 Summon Guardian Golem    Hex/Summ       9%         N/A       24%         3
 Frozen Ramparts          Ice            2%         1d1       50%         3
 Summon Lightning Spire   Summ/Air       9%         N/A       61%         4
 Hailstorm                Conj/Ice       1%         3d3       88%         4


Dungeon Overview and Level Annotations

Branches:
Dungeon (1/15)

Altars:


Innate Abilities, Weirdness & Mutations

You cannot wear most types of armour.
You are amphibious.
You can wear up to eight rings at the same time.
Your skin changes colour to match your surroundings (Stealth+).
Your rubbery body absorbs attacks. (AC +1, EV +1)
((You are camouflaged when in or above water. (Stealth+)))
You have tentacles for arms and can constrict up to eight enemies at once.


Message History

You start memorising the spell.
You continue memorising. x2
You finish memorising.
Spell assigned to 'c'.
Your rat disappears in a puff of smoke!
Your bat disappears in a puff of smoke!
Things that are here:
a +0 club; a goblin corpse You see here a +0 dagger.
A ball python comes into view.
MP restored: 5 Unknown command.
You now have 4/5 mp.
You now have 3/5 mp.
What are your orders? t - Shout!
Orders for allies: a - Attack new target. r - Retreat! s - Stop attacking. g - Guard the area. f - Follow me.
Anything else - Cancel.
Gang up on whom?
Aim: a ball python (asleep, ally target) Attack!
Your bat hits the ball python.
Your bat barely misses the ball python.
The ball python barely misses your bat.
The ball python closely misses your bat.
The ball python barely misses your bat. x2; Your bat hits the ball python.
The ball python dies!
Your bat disappears in a puff of smoke!
You pick up a book of Frost and begin reading...
You add the spells Freeze, Frozen Ramparts and Hailstorm to your library.
MP restored: 5 You open the door.
There is an open door here.
Your quokka disappears in a puff of smoke!
A hobgoblin comes into view.
You miscast Summon Small Mammal.
You are very lightly contaminated with residual magic.
Nothing appears to happen.
You now have 4/5 mp.
You now have 3/5 mp.
Your bat hits the hobgoblin. The hobgoblin misses you.
You now have 2/5 mp.
The hobgoblin attacks as you move away! The hobgoblin misses you.
Your bat closely misses the hobgoblin.
Your bat hits the hobgoblin but does no damage.
You swap places.
Your bat closely misses the hobgoblin.
The hobgoblin hits your bat.
Your bat hits the hobgoblin but does no damage.
What are your orders? t - Shout!
Orders for allies: a - Attack new target. r - Retreat! s - Stop attacking. g - Guard the area. f - Follow me.
Anything else - Cancel.
Gang up on whom?
Aim: a hobgoblin (moderately wounded, ally target) Attack!
Your bat closely misses the hobgoblin.
Your bat hits the hobgoblin but does no damage.
The hobgoblin hits your bat.
Your bat dies!
Your bat's corpse disappears in a puff of smoke!
Your bat hits the hobgoblin but does no damage.
Your magical contamination has completely faded away.
Your bat closely misses the hobgoblin.
The hobgoblin barely misses you.
Your bat barely misses the hobgoblin.
The hobgoblin hits you.
You take 5 damage, and have 12/17 hp.
MASSIVE DAMAGE!!
You now have 1/5 mp.
Your quokka bites the hobgoblin.
The hobgoblin hits you but does no damage.
You now have 0/5 mp.
You swap places.
Your quokka bites the hobgoblin.
The hobgoblin barely misses your rat.
Your rat misses the hobgoblin.
Your quokka bites the hobgoblin.
The hobgoblin hits your rat.
Your rat dies!
Your rat's corpse disappears in a puff of smoke!
Your quokka bites the hobgoblin but does no damage.
Your quokka bites the hobgoblin but does no damage.
The hobgoblin hits you.
You take 5 damage, and have 7/17 hp.
MASSIVE DAMAGE!!
Your quokka bites the hobgoblin.
The hobgoblin dies!
You now have 0/5 mp.
Your rat disappears in a puff of smoke!
Your quokka disappears in a puff of smoke!
g - 5 javelins A bat comes into view.
Health restored: 17; MP restored: 5 You throw a javelin.
The javelin pierces through the bat.
You kill the bat!
You now have 4/5 mp.
You miscast Summon Small Mammal.
You are very lightly contaminated with residual magic.
Nothing appears to happen.
You now have 3/5 mp.
Your magical contamination has completely faded away.
You see here an orb of mayhem.
h - an orb of mayhem Unknown command.
Unknown command.

#........#.##.
#.....##.#.##.
#..#..# #...
#....## ##
#####.#.####.#
#
.............#
...
######..######
#....#######..#
...(...@b.....#
##.#.#######.##
#.# #.# ..# ###


You could see a friendly bat (summoned).

Vanquished Creatures
  A bat (D:1)
1 creature vanquished.

Vanquished Creatures (collateral kills)
  3 goblins (D:1)
  A hobgoblin (D:1)
  2 kobolds (D:1)
  2 ball pythons (D:1)
8 creatures vanquished.

Grand Total: 9 creatures vanquished

Notes
Turn   | Place    | Note
-------+----------+-------------------------------------------
     0 | D:1      | OTABOTABOTAB the Octopode Summoner began the quest for the
                  | Orb.
     0 | D:1      | Reached XP level 1. HP: 11/11 MP: 3/3
   267 | D:1      | Reached XP level 2. HP: 17/17 MP: 1/5
   270 | D:1      | Learned a level 2 spell: Call Imp
   665 | D:1      | Quit the game

Illustrated notes

Levels and vault maps discovered:
D:1:      lightli_arrival_maybe_door_vault, layout_loops_corners,
          dreamdust_mushroom_princess, solitary_fountain

Action                   || total
-------------------------++-------
Throw: Javelin           ||     1
 Cast: Summon Small Mamm ||    20
Armor: Skin              ||     1
Dodge: Dodged            ||     3

Table legend: (Time is in decaauts)
 A = Elapsed time spent in this place.
 B = Non-inter-level travel time spent in this place.
 C = Inter-level travel time spent in this place.
 D = Time resting spent in this place.
 E = Time spent auto-exploring this place.
 F = Levels seen in this place.
 G = Mean time per level.
                   A        B        C        D        E       F      G
               +--------+--------+--------+--------+--------+-----+--------+
         Total |    664 |    664 |      0 |      0 |    564 |   1 |  664.0 |
       Dungeon |    664 |    664 |      0 |      0 |    564 |   1 |  664.0 |
               +--------+--------+--------+--------+--------+-----+--------+

Top non-repeatable levels by time:
     D:1: 664 daAuts

Table legend:
 A = Kills in this place as a percentage of kills in entire the game.
 B = Kills by you in this place as a percentage of kills by you in the entire game.
 C = Kills by friends in this place as a percentage of kills by friends in the entire game.
 D = Other kills in this place as a percentage of other kills in the entire game.
 E = Experience gained in this place as a percentage of experience gained in the entire game.
 F = Experience gained in this place divided by the number of levels of this place that you have seen.
                   A       B       C       D       E      F
               +-------+-------+-------+-------+-------+----------------------
         Total | 100.0 | 100.0 | 100.0 |   N/A | 100.0 |  14.0
       Dungeon | 100.0 | 100.0 | 100.0 |   N/A | 100.0 |  14.0
               +-------+-------+-------+-------+-------+----------------------
